 Dungeon Crawl Stone Soup version 0.29-a0-551-gffc1d7fb78 (webtiles) character file.

Game seed: 15167763346425487025

11 shadowstone the Stinger (level 2, 0/15 HPs)
             Began as a Tengu Venom Mage on June 5, 2022.
             Slain by an adder (1 damage)
             ... on level 2 of the Dungeon.
             The game lasted 00:04:21 (794 turns).

shadowstone the Stinger (Tengu Venom Mage)           Turns: 794, Time: 00:04:26

Health: 0/15       AC:  2    Str:  8    XL:     2   Next: 29%
Magic:  6/6        EV: 12    Int: 15    God:
Gold:   9          SH:  0    Dex: 14    Spells: 4/5 levels left

rFire   . . .      SeeInvis .   d - +0 hunting sling
rCold   . . .      Faith    .   (no shield)
rNeg    . . .      Spirit   .   a - +0 robe
rPois   .          Reflect  .   (helmet restricted)
rElec   .          Harm     .   (no cloak)
rCorr   .          Rampage  .   (no gloves)
Will    .....                   (boots unavailable)
Stlth   ++........              (no amulet)
HPRegen 0.05/turn               (no ring)
MPRegen 0.10/turn               (no ring)

@: no status effects
A: beak, talons 3
a: no special abilities


You were on level 2 of the Dungeon.
You visited 1 branch of the dungeon, and saw 2 of its levels.

You collected 9 gold pieces.

Inventory:

Hand Weapons
 d - a +0 hunting sling (weapon)
Armour
 a - a +0 robe (worn)
Scrolls
 c - a scroll of enchant armour {unknown}
Potions
 b - a potion of magic


   Skills:
 + Level 2.2 Dodging
 + Level 2.0 Stealth
 + Level 2.1 Spellcasting
 + Level 1.0 Transmutations
 + Level 3.4 Poison Magic


You had 4 spell levels left.
You knew the following spells:

 Your Spells              Type           Power      Damage    Failure   Level
a - Sting                 Tmut/Pois      32%        1d4       9%          1

Your spell library contained the following spells:

 Spells                   Type           Power      Damage    Failure   Level
 Poisonous Vapours        Pois/Air       12%        N/A       16%         2
 Mephitic Cloud           Conj/Pois/Air  5%         N/A       38%         3
 Olgreb's Toxic Radiance  Pois           11%        N/A       47%         4
 Frozen Ramparts          Ice            2%         1d2       54%         3
 Ice Form                 Ice/Tmut       3%         N/A       87%         4
 Summon Ice Beast         Ice/Summ       1%         N/A       91%         4


Dungeon Overview and Level Annotations

Branches:
Dungeon (2/15)

Altars:


Innate Abilities, Weirdness & Mutations

You have a beak for a mouth.
You have claws for feet.


Message History

Really attack while wielding your +0 hunting sling? [Y]es or [N]o only, please.
Really attack while wielding your +0 hunting sling? [Y]es or [N]o only, please.
Really attack while wielding your +0 hunting sling? [Y]es or [N]o only, please.
Really attack while wielding your +0 hunting sling? [Y]es or [N]o only, please.
Really attack while wielding your +0 hunting sling? [Y]es or [N]o only, please.
Really attack while wielding your +0 hunting sling? [Y]es or [N]o only, please.
Really attack while wielding your +0 hunting sling? [Y]es or [N]o only, please.
Really attack while wielding your +0 hunting sling?
You clumsily bash the ball python but do no damage.
You claw the ball python.
You kill the ball python!
The adder barely misses you. The adder closely misses you.
The adder bites you. x2
You see here a ball python corpse.
You closely miss the adder. Your kick misses the adder.
Your peck misses the adder. The adder bites you.
You are poisoned.
The adder poisons you!
You clumsily bash the adder but do no damage.
You claw the adder, but do no damage. Your peck misses the adder.
* * * LOW HITPOINT WARNING * * *
You feel sick. The adder misses you. The adder barely misses you.
You closely miss the adder. You peck the adder.
The adder is lightly wounded.
* * * LOW HITPOINT WARNING * * *
You feel sick. The adder closely misses you. The adder misses you.
You barely miss the adder.
The adder is lightly wounded.
* * * LOW HITPOINT WARNING * * *
You feel sick.
You are no longer poisoned.
The adder bites you.
You die...

#.# #.####.# #.#
#....... #.#
#...$..# #.# #...#
.# #.###...##.##
#.##........#
#.##....##..#####
##...!...@........
##.###....S........
#.#<.....########..
##.####..# #.# #..#
#.# #..# #.#
#......# #.#
#.###..# #.# #..#


You could see an adder.

Vanquished Creatures
  4 endoplasms (D:1)
  2 kobolds (D:1)
  3 ball pythons
  A rat (D:1)
10 creatures vanquished.

Notes
Turn   | Place    | Note
-------+----------+-------------------------------------------
     0 | D:1      | shadowstone the Tengu Venom Mage began the quest for the
                  | Orb.
     0 | D:1      | Reached XP level 1. HP: 10/10 MP: 4/4
   125 | D:1      | Reached skill level 1 in Transmutations
   366 | D:1      | Reached XP level 2. HP: 15/15 MP: 6/6
   794 | D:2      | Slain by an adder

Illustrated notes

Levels and vault maps discovered:
D:1:      lemuel_arrival_lava_pool, layout_loops_ring
D:2:      minmay_chambers_of_twos, layout_loops_ring,
          shapermc_ecumenical_altar_petra

Skill      XL: |  1 |
---------------+----+-----
Transmutations | 1 |  1.0
Dodging        | |  2.2
Stealth        | |  2.0
Spellcasting   | |  2.1
Poison Magic   | |  3.4

Action                   || total
-------------------------++-------
Melee: Unarmed           ||    31
       Kick              ||    11
       Peck              ||     5
       Hunting sling     ||     5
 Cast: Sting             ||     4
  Use: Scroll            ||     1
       Potion            ||     1
 Stab: Sleeping          ||     1
Armor: Robe              ||     4
Dodge: Dodged            ||    29

Table legend: (Time is in decaauts)
 A = Elapsed time spent in this place.
 B = Non-inter-level travel time spent in this place.
 C = Inter-level travel time spent in this place.
 D = Time resting spent in this place.
 E = Time spent auto-exploring this place.
 F = Levels seen in this place.
 G = Mean time per level.
                   A        B        C        D        E       F      G
               +--------+--------+--------+--------+--------+-----+--------+
         Total |    795 |    795 |      0 |    419 |      0 |   2 |  397.5 |
       Dungeon |    795 |    795 |      0 |    419 |      0 |   2 |  397.5 |
               +--------+--------+--------+--------+--------+-----+--------+

Top non-repeatable levels by time:
     D:1: 755 daAuts
     D:2: 39 daAuts
